woodfighter, chaotic female orcish Cavewoman @ woodfighter the Cave Woman Experience level: 11 Strength: 18/11 Dexterity: 16 Constitution: 18 Intelligence: 7 Wisdom: 9 Charisma: 9 Health: 0(82) Energy: 44(44) Def: 22 Gold: 954 Moves: 19119 Dungeon seed: 9YGUAZss1bP3jDuo Game ID: woodfighter_1488396116 Your Inventory: Coins $ - 954 gold pieces Weapons a - a blessed +2 club (weapon in hand) j - 5 +0 dwarvish spears (in quiver) Armor e - an uncursed +0 Hawaiian shirt (being worn) i - an uncursed +1 elven shield (being worn) z - a blessed greased +3 silver dragon scale mail (being worn) I - a cursed -3 pair of gauntlets of fumbling N - an uncursed very corroded +0 orcish helm (being worn) O - an uncursed +0 cloak of magic resistance (being worn) S - a cursed +0 pair of leather gloves Y - a blessed +3 pair of speed boots (being worn) Comestibles k - 9 uncursed food rations o - 3 uncursed C-rations u - an uncursed tripe ration B - 2 uncursed cloves of garlic H - 3 uncursed K-rations Z - an uncursed lizard corpse Potions G - an uncursed potion of sickness Rings K - an uncursed ring of searching (on left hand) Wands F - a wand of teleportation (0:5) Tools q - a -4 unicorn horn s - an uncursed sack y - an uncursed skeleton key E - an uncursed stethoscope W - an uncursed towel Gems n - an uncursed luckstone Contents of the sack: 181 gold pieces an uncursed +0 mummy wrapping 3 uncursed eucalyptus leaves an uncursed sprig of wolfsbane 2 [uncursed] scrolls of create monster a [cursed] scroll of identify a [cursed] spellbook of confuse monster a [uncursed] spellbook of force bolt a [cursed] potion of sleeping an uncursed wand of death [0:3] an uncursed [+0] pick-axe Spells and supernatural/magical abilities: Name Level Category Fail Memory W - pray for help -- divine ? -- Your skills at the end: Miscellaneous Skills bare handed combat [Basic] shield [Basic] stealth [Skilled] Weapon Skills scimitar [Basic] club [Expert] sling [Basic] Spellcasting Skills Final Attributes: You were piously aligned. You were fire resistant. You were cold resistant. You were sleep resistant. You were poison resistant. You were magic-protected. Your writing hand was ok. You saw invisible. You were telepathic. You had automatic searching. You had infravision. You were invisible to others. You were stealthy. You were swallowed by an air elemental. You were protected. You were very fast. You had reflection. You were lucky. You had extra luck. Bad luck did not time out for you. Good luck did not time out for you. You are dead. Vanquished creatures: a black pudding 2 ghosts a lieutenant a queen bee 2 giant mimics 2 ice trolls 3 large mimics a baby purple worm a stalker an elf-lord a giant zombie 5 sergeants 5 wargs a quantum mechanic 4 small mimics 2 xans 3 ettin mummies 2 trolls 2 sasquatches 2 flaming spheres 2 shocking spheres a large cat 3 tigers a dwarf king 2 tengu 3 gelatinous cubes 2 ochre jellies a crocodile a chameleon a human mummy 3 Grey-elves 2 pit vipers a python 3 wraiths 31 soldiers a succubus 3 giant beetles 2 cockatrices a wolf a black light 5 leprechauns a quivering blob a lizard an orc-captain 4 giant spiders a horse 3 vampire bats a forest centaur 3 gnome kings 2 orc mummies an owlbear a yeti 2 gold golems 9 piranhas a dingo 2 housecats 2 jaguars 6 dwarf lords a water nymph a white unicorn a dust vortex a plains centaur 2 Woodland-elves a snake 2 apes a rope golem a soldier ant 3 fire ants 2 yellow lights 5 bugbears 3 Mordor orcs 6 Uruk-hai 4 orc shamans 2 rock moles 4 rock piercers 5 ponies 2 fog clouds a shrieker a violet fungus 13 gnome lords 5 gnomish wizards 2 kobold mummies 2 guardian naga hatchlings 4 gray oozes a barrow wight a ghoul 2 straw golems a paper golem 8 giant ants a puppy 7 floating eyes 5 kittens 19 dwarves a homunculus 3 kobold lords 4 kobold shamans 8 iguanas 8 hill orcs 11 rothes 7 jitterbugs 3 giant bats 2 monkeys an orc zombie a dwarf zombie 2 wererats 25 killer bees 3 coyotes 2 gas spores 5 hobbits 2 acid blobs 2 large kobolds 6 geckos 14 hobgoblins 3 giant rats 2 cave spiders 2 brown molds 4 yellow molds 4 green molds a red mold 61 gnomes 24 garter snakes 2 manes 3 gnome zombies 15 jackals 4 foxes 6 kobolds 18 newts 4 goblins 5 sewer rats 8 grid bugs 8 bats 10 lichens 4 kobold zombies 571 creatures vanquished. Genocided species: disenchanters 1 species genocided. Voluntary challenges: You did not have reflection until turn 11780. You were not displaced. You used a wielded weapon 1161 times, starting on turn 4. You read items or engraved 8 times, starting on turn 3261. You genocided 1 type of monster, starting on turn 16205. You never polymorphed an object. You never changed form. You completed Sokoban on turn 5870, according to the rules. You used 1 wish, starting on turn 11766. You did not wish for any artifacts. You never split a pudding. You never wrote Elbereth's name. You never violated your personal moral code. Dungeon overview: The Dungeons of Doom: levels 1 to 20 Level 1 some fountains a long staircase Level 2 stairs to The Gnomish Mines Level 3 a fountain Level 4 an altar to Anu, a fountain Level 5 (oracle) many fountains Level 6 stairs to Sokoban Level 7 a general store, some fountains Level 8 a potion shop Level 9 Level 10 a general store Level 11 a temple to Anu portal to The Quest Level 12 an altar to Ishtar, a fountain Level 13 (big room) Level 14 a fountain Level 15 many fountains Level 16 a fountain Level 17 a sink Level 18 (rogue) Level 19 <- You were here some fountains Level 20 The Gnomish Mines: levels 3 to 11 Level 3 stairs to The Dungeons of Doom Level 4 Level 5 Level 6 many shops, a temple to Anu, a magic chest, some fountains Level 7 Level 8 Level 9 Level 10 Level 11 many altars to Moloch, a magic chest, some fountains The Quest: Level 1 portal to The Dungeons of Doom Sokoban: levels 2 to 5 Level 2 a magic chest Level 3 Level 4 a fountain Level 5 an altar to Anshar, a magic chest stairs to The Dungeons of Doom History has recorded: On T:1 you entered the Dungeons of Doom to retrieve the Amulet of Yendor! On T:69 you reached level 2 of The Dungeons of Doom. On T:441 you reached level 3 of The Dungeons of Doom. On T:641 you reached level 1 of The Gnomish Mines. On T:642 you advanced to experience level 2. On T:823 you advanced to experience level 3. On T:1228 you reached level 4 of The Dungeons of Doom. On T:1243 you advanced to experience level 4. On T:1413 you reached level 5 of The Dungeons of Doom. On T:2019 you advanced to experience level 5. On T:2176 you reached level 6 of The Dungeons of Doom. On T:2233 you reached level 7 of The Dungeons of Doom. On T:2342 you reached level 4 of Sokoban. On T:2601 you advanced to experience level 6. On T:3259 you opened a magic chest. On T:3303 you reached level 3 of Sokoban. On T:4192 you reached level 2 of Sokoban. On T:5054 you prayed to Anshar. On T:5059 you advanced to experience level 7. On T:5067 you reached level 1 of Sokoban. On T:5870 you advanced to experience level 8. On T:5870 you entered the Sokoban zoo. On T:6627 you reached level 2 of The Gnomish Mines. On T:6739 you prayed to Anshar. On T:7164 you reached level 3 of The Gnomish Mines. On T:7609 you reached level 4 of The Gnomish Mines. On T:7704 you entered the Minetown temple On T:8337 you advanced to experience level 9. On T:8622 you reached level 5 of The Gnomish Mines. On T:8825 you reached level 6 of The Gnomish Mines. On T:9414 you reached level 7 of The Gnomish Mines. On T:9467 you reached level 8 of The Gnomish Mines. On T:9984 you reached level 9 of The Gnomish Mines. On T:9984 you reached the bottom of the Mines. On T:11758 you prayed to Anshar. On T:11766 you wished for "+3 blessed fixed greased silver dragon scale mail". On T:12064 you reached level 8 of The Dungeons of Doom. On T:12732 you reached level 9 of The Dungeons of Doom. On T:13071 you reached level 10 of The Dungeons of Doom. On T:13531 you advanced to experience level 10. On T:13640 you reached level 11 of The Dungeons of Doom. On T:13883 you reached level 1 of The Quest. On T:13951 you reached level 12 of The Dungeons of Doom. On T:14381 you reached level 13 of The Dungeons of Doom. On T:14941 you reached level 14 of The Dungeons of Doom. On T:15638 you reached level 15 of The Dungeons of Doom. On T:15723 you reached level 16 of The Dungeons of Doom. On T:16035 you prayed to Anshar. On T:16296 you reached level 17 of The Dungeons of Doom. On T:16638 you advanced to experience level 11. On T:17324 you reached level 18 of The Dungeons of Doom. On T:17324 you entered the Rogue tribute level. On T:18738 you reached level 19 of The Dungeons of Doom. On T:19002 you reached level 20 of The Dungeons of Doom. On T:19044 you prayed to Anshar. Score breakdown: Gold: 1135 ( 113 points) Experience: 11 levels ( 1000 points) Exploration: 20 levels ( 570 points) Discoveries: 57 items ( 2000 points) Variety of kills: 133 monsters ( 2000 points) Major goal: Sokoban/Mines ( 1500 points) Survival: died (score multiplied by 3) Total score: 21549 Latest messages: The soldier thrusts his short sword at the cavewoman. The soldier stabs you! You kill the soldier! There are several objects here. A Mordor orc blocks your way. (3x) You are beginning to feel hungry. You stop exploring. This fortune cookie is delicious! You finish eating the fortune cookie. This cookie has a scrap of paper inside. It reads: They say that a wand of cancellation is not like a wand of polymorph. You hear a door open. The door opens. You stop exploring. You hit the air elemental! The air elemental bumps right into you! The air elemental engulfs you! You are pummeled with debris! (2x) You hit the air elemental! You are pummeled with debris! You hit the air elemental! You are pummeled with debris! (2x) You hit the air elemental! You are pummeled with debris! (3x) You die... Final status: Goodbye woodfighter the Cavewoman, killed by an air elemental... You died in The Dungeons of Doom on dungeon level 19 with 21549 points, and 1135 pieces of gold, after 19119 moves. You were level 11 with a maximum of 82 hit points when you died.